Map: Nightshade LE

Players

StarGirL - Winner!

  • Race: Zerg Zerg
  • League: Master
  • Spawn Location: 5:00

A.I. 1 (Very Easy)

  • Race: Zerg Zerg
  • Spawn Location: 11:00

VOD

Have the link to the VOD?

Description

Fake a 2 base roach build by starting an evo/roach warren wall off at the front of your base. Try to deny him scouting your lack of lair and that you're researching ling speed. Use your first 2 queens to push out before you move out to kill overlords

Time

  • Played on: May 20, 2020, 1:45 a.m.
  • Length: 5:00
Show
View Real Time Build Order
Export as new Build Order

StarGirL Zerg - Winner!

Build Orders: Hatch First 

Get SALT Encoding   

  12  0:01  Drone  
  13  0:12  Overlord  
  13  0:16  Drone  
  14  0:31  Drone x2  
  16  0:47  Hatchery  
  15  0:50  Drone  
  15  0:54  Drone  
  17  0:58  Drone  
  18  1:08  Extractor  
  17  1:13  Spawning Pool  
  17  1:16  Drone  
  17  1:20  Drone  
  18  1:28  Drone  
  19  1:39  Drone  
  20  1:50  Drone  
  21  1:59  Overlord  
  21  2:00  Queen x2  
  25  2:01  Drone  
  26  2:10  Metabolic Boost, Drone  
  26  2:11  Drone  
  28  2:20  Drone  
  28  2:21  Drone  
  30  2:36  Queen x2  
  34  2:39  Drone x2  
  36  2:47  Roach Warren  
  35  2:52  Evolution Chamber, Drone  
  35  2:53  Drone  
  35  2:58  Overlord  
  36  3:03  Overlord  
  36  3:07  Overlord  
  36  3:26  Roach x5  
  48  3:27  Roach  
  48  3:30  Roach  
  50  3:35  Roach  
  50  3:40  Roach  
  54  3:44  Overlord  
  54  3:46  Zergling x4  
  56  3:49  Roach  
  56  3:52  Roach  
  60  3:56  Overlord  
  60  4:03  Zergling x8  
  60  4:09  Zergling x2  
  65  4:14  Overlord  
  65  4:19  Zergling x10  
  65  4:22  Zergling x2  
  71  4:28  Zergling x4  
  73  4:33  Overlord  
  73  4:38  Zergling x2  
Show
View Real Time Build Order
Export as new Build Order

A.I. 1 (Very Easy) Zerg 

Build Orders: Pool Only 

Get SALT Encoding   

  12  0:00  Drone  
  13  0:12  Overlord  
  13  0:16  Drone  
  14  0:34  Spawning Pool  
  13  0:37  Drone  
  13  0:40  Extractor  
  13  0:44  Drone  
  14  0:52  Overlord  
  14  1:22  Queen, Zergling x2  
  17  1:31  Roach Warren  
  16  1:34  Drone  
  16  1:37  Extractor  
  16  1:40  Zergling x2  
  16  1:42  Drone  
  18  1:55  Drone  
  18  1:59  Zergling x2  
  20  2:06  Drone  
  21  2:17  Drone  
  22  2:27  Drone  
  22  2:28  Overlord  
  23  2:34  Drone  
  24  2:41  Drone  
  25  4:24  Zergling x2  
  23  4:37  Drone  
  22  4:44  Drone  
Tags
 
League
Master
Matchup
ZvZ
Race
Zerg
Spawn Locations
Cross Positions
Add a new tag
Caveats
  • Supply blocks, unpowered buildings, or Contaminate may cause inaccurate times.
  • Supply counts are checked every 10 seconds.